 Dungeon Crawl Stone Soup version 0.29.1-12-g30fa7ad0bf (webtiles) character file.

Game seed: 10073699873799063947

72 Valen the Trooper (level 4, -3/40 HPs)
             Began as a Hill Orc Fighter on Dec 29, 2022.
             Frozen to death by an endoplasm (5 damage)
             ... on level 4 of the Dungeon.
             The game lasted 00:02:28 (707 turns).

Valen the Trooper (Hill Orc Fighter)                 Turns: 707, Time: 00:02:29

Health: -3/40      AC:  7    Str: 18    XL:     4   Next: 25%
Magic:  4/4        EV: 13    Int: 10    God:
Gold:   31         SH:  4    Dex: 10    Spells: 3/3 levels left

rFire   . . .      SeeInvis .   a - +0 war axe
rCold   . . .      Faith    .   c - +0 buckler
rNeg    . . .      Spirit   .   b - +0 scale mail
rPois   .          Reflect  .   (no helmet)
rElec   .          Harm     .   (no cloak)
rCorr   .          Rampage  .   (no gloves)
Will    .....                   (no boots)
Stlth   ..........              (no amulet)
HPRegen 0.13/turn               f - +4 ring of evasion
MPRegen 0.09/turn               (no ring)

@: no status effects
A: no striking features
a: no special abilities


You were on level 4 of the Dungeon.
You visited 1 branch of the dungeon, and saw 4 of its levels.

You collected 31 gold pieces.

Inventory:

Hand Weapons
 a - a +0 war axe (weapon)
Armour
 b - a +0 scale mail (worn)
 c - a +0 buckler (worn)
Jewellery
 f - a +4 ring of evasion (left hand)
Wands
 g - a wand of mindburst (19)
Scrolls
 e - a scroll of amnesia
Potions
 d - a potion of might


   Skills:
 * Level 4.1 Fighting
 * Level 3.6 Axes
 * Level 3.7 Armour
 * Level 0.5 Dodging
 * Level 0.4 Stealth
 * Level 3.6 Shields
 * Level 0.4 Spellcasting
 * Level 0.4 Evocations


You had 3 spell levels left.
You didn't know any spells.
Your spell library was empty.

Dungeon Overview and Level Annotations

Branches:
Dungeon (4/15)
 Temple: D:4-7

Altars:


Message History

An iguana, a dart slug and an endoplasm come into view.
Found a stone staircase leading down.
The iguana hisses angrily.
The endoplasm quivers.
You barely miss the jackal.
The jackal bites you but does no damage. x2
You hit the jackal.
The jackal is almost dead.
You hit the iguana but do no damage. You closely miss the iguana.
The jackal bites you.
The jackal bites you but does no damage.
The iguana closely misses you. The iguana barely misses you.
You hit the jackal.
You kill the jackal!
You hit the iguana. You barely miss the iguana.
The iguana barely misses you. x2
The jackal bites you but does no damage.
You barely miss the jackal. You closely miss the iguana. x2
You block the iguana's attack.
The jackal bites you but does no damage.
The iguana bites you!
* * * LOW HITPOINT WARNING * * *
The iguana closely misses you. The iguana bites you.
* * * LOW HITPOINT WARNING * * *
The endoplasm hits you but does no damage.
The jackal bites you but does no damage.
Aiming: Mindburst
Press: ? - help, Shift-Dir - straight line, f - iguana
Aim: an iguana (chance to affect: 73%)
The iguana struggles to resist.
The jackal closely misses you. You block the endoplasm's attack.
The iguana bites you.
* * * LOW HITPOINT WARNING * * *
You block the iguana's attack.
Aiming: Mindburst
Press: ? - help, Shift-Dir - straight line, f - iguana, p - iguana
Aim: an iguana (moderately wounded, chance to affect: 73%)
The iguana's mind is blasted!
The jackal bites you but does no damage.
The endoplasm freezes you.
You are frozen.
You die...

#.>.# # #...# . ..
#...# .......
.###...###.......
....8...'....... #
###..w..##.......
..#.##llJ##......##
....##@##........#
#.##..#h#.........#
......o...)........
..#.##..J...†..###.
. ###.......# ....
##..##....#
....####..#####..#
......#......#.....
....................


You could see 2 iguanas, a dart slug, an orc, 2 endoplasms and a jackal.

Vanquished Creatures
  A hound (D:4)
  A gnoll (D:1)
  3 orcs
  An endoplasm (D:1)
  2 goblins (D:1)
  5 hobgoblins
  7 jackals
  3 ball pythons
  A frilled lizard (D:2)
  2 kobolds (D:1)
  A rat (D:1)
27 creatures vanquished.

Notes
Turn   | Place    | Note
-------+----------+-------------------------------------------
     0 | D:1      | Valen the Hill Orc Fighter began the quest for the Orb.
     0 | D:1      | Reached XP level 1. HP: 19/19 MP: 1/1
   108 | D:1      | Reached XP level 2. HP: 22/27 MP: 2/2
   394 | D:2      | Reached XP level 3. HP: 33/33 MP: 3/3
   395 | D:2      | Reached skill level 4 in Fighting
   669 | D:4      | Reached XP level 4. HP: 26/40 MP: 4/4
   706 | D:4      | HP: 2/40 [iguana (3)]
   707 | D:4      | Frozen to death by an endoplasm

Illustrated notes

Levels and vault maps discovered:
D:1:      dreamdust_arrival_beginning_and_end, layout_loops_ring,
          shapermc_ecumenical_altar_flowoftime
D:2:      cheibrodos_fertilizer, layout_rooms, basic_altar, serial_shops,
          nicolae_diamond_shop, nicolae_figureground_pulse, uniq_terence
D:3:      layout_basic, makhleb_altar_promises_db
D:4:      layout_cave_pools, nicolae_qazlal_general_emergency,
          nicolae_ossuary_entry_monument, grunt_ministairs_14,
          dk_noncrumbling_3, st_stairs_5

Skill      XL: |  1  2  3 |
---------------+----------+-----
Axes           | 3 |  3.6
Fighting       | 4 |  4.1
Armour         | |  3.7
Dodging        | |  0.5
Stealth        | |  0.4
Shields        | |  3.6
Spellcasting   | |  0.4
Evocations     | |  0.4

Action                   |  1- 3 |  4- 6 || total
-------------------------+-------+-------++-------
Melee: War axe           |    62 |     9 ||    71
Evoke: Wand              |     1 |     2 ||     3
  Use: Scroll            |     1 |     1 ||     2
Armor: Scale mail        |    23 |    11 ||    34
Dodge: Dodged            |    45 |    21 ||    66
Block: Buckler           |    21 |    10 ||    31
